 Dungeon Crawl Stone Soup version 0.31.0-11-ge490571c62 (webtiles) character file.

Game seed: 8834657801650349029

93 hikkokomori the Conjurer (level 4, 0/25 HPs)
             Began as a Deep Elf Conjurer on Feb 3, 2024.
             Killed by nerve-wracking pain
             ... invoked by Menkaure
              (14 damage)
             ... on level 4 of the Dungeon.
             The game lasted 00:01:34 (2428 turns).

hikkokomori the Conjurer (Deep Elf Conjurer)        Turns: 2428, Time: 00:01:34

Health: 0/25       AC:  4    Str:  4    XL:     4   Next: 37%
Magic:  7/12       EV: 12    Int: 25    God:
Gold:   92         SH:  0    Dex: 13    Spells: 10/11 levels left

rFire   . . .        j - +0 dagger (holy)
rCold   . . .        (no shield)
rNeg    . . .        a - +0 robe
rPois   .            l - +1 helmet
rElec   .            (no cloak)
rCorr   .            (no gloves)
SInv    +            (no boots)
Will    .....        (no amulet)
Stlth   ++           f - ring of see invisible
HPRegen 0.24/turn    (no ring)
MPRegen 0.13/turn

%: no passive effects
@: no status effects
A: no striking features
a: no special abilities


You were on level 4 of the Dungeon.
You visited 1 branch of the dungeon, and saw 4 of its levels.

You collected 92 gold pieces.

Inventory:

Hand Weapons
 i - a +0 dagger
 j - a +0 dagger of holy wrath (weapon)
Missiles
 p - 5 atropa-tipped darts
Armour
 a - a +0 robe (worn)
 l - a +1 helmet (worn)
Jewellery
 f - a ring of see invisible (left hand)
Scrolls
 c - a scroll of noise {unknown}
 h - 3 scrolls of amnesia {unknown}
 k - a scroll of identify {unknown}
 n - a scroll of torment {unknown}
 o - a scroll of teleportation {unknown}
 q - a scroll of blinking {unknown}
Potions
 b - a potion of magic
 d - a potion of heal wounds {unknown}
 e - 2 potions of attraction {unknown}
 g - a potion of might {unknown}
 m - 4 potions of curing {unknown}


   Skills:
 + Level 1.4 Fighting
 - Level 2.4 Dodging
 + Level 3.6 Stealth
 + Level 4.0 Spellcasting
 + Level 5.0 Conjurations


You had 10 spell levels left.
You knew the following spells:

 Your Spells              Type           Power      Damage    Failure   Level
a - Magic Dart            Conj           100%       1d8       1%          1

Your spell library contained the following spells:

 Spells                   Type           Power      Damage    Failure   Level
 Searing Ray              Conj           60%        2d6       1%          2
 Sting                    Conj/Alch      68%        1d7       3%          1
 Mercury Vapours          Alch/Air       10%        N/A       14%         2
 Fulminant Prism          Conj/Alch      8%         3d7       32%         4
 Iskenderun's Mystic Bla  Conj/Tloc      17%        2d5       32%         4
 Olgreb's Toxic Radiance  Alch           5%         N/A       65%         4
 Haunt                    Necr/Summ      2%         N/A       100%        7
 Borgnjor's Revivificati  Necr           2%         N/A       100%        8
 Death's Door             Necr           2%         N/A       100%        9


Dungeon Overview and Level Annotations

Branches:
Dungeon (3/15)

Altars:
Gozag
Makhleb

Shops:
D:3 (

Annotations:
D:4 Menkaure; Ryanme17's ghost, novice MiFi


Message History

Aim: Menkaure (moderately damaged, 100% to hit)
The magic dart hits Menkaure.
Menkaure is heavily damaged.
Unknown command.
Casting: Magic Dart (safe; 1% risk of failure)
Confirm with . or Enter, or press ? or * to list all spells.
Aiming: Magic Dart (safe; 1% risk of failure)
Press: ? - help, Shift-Dir - straight line, f/p - Menkaure
Aim: Menkaure (heavily damaged, 100% to hit)
The magic dart hits Menkaure but does no damage.
Menkaure is heavily damaged.
Unknown command.
Casting: Magic Dart (safe; 1% risk of failure)
Confirm with . or Enter, or press ? or * to list all spells.
Aiming: Magic Dart (safe; 1% risk of failure)
Press: ? - help, Shift-Dir - straight line, f/p - Menkaure
Aim: Menkaure (heavily damaged, 100% to hit)
The magic dart hits Menkaure.
Menkaure is severely damaged.
Unknown command.
Casting: Magic Dart (safe; 1% risk of failure)
Confirm with . or Enter, or press ? or * to list all spells.
Aiming: Magic Dart (safe; 1% risk of failure)
Press: ? - help, Shift-Dir - straight line, f/p - Menkaure
Aim: Menkaure (severely damaged, 100% to hit)
The magic dart hits Menkaure but does no damage.
Menkaure is severely damaged.
Menkaure gestures at you while chanting.
Pain shoots through your body!
Casting: Magic Dart (safe; 1% risk of failure)
Confirm with . or Enter, or press ? or * to list all spells.
Aiming: Magic Dart (safe; 1% risk of failure)
Press: ? - help, Shift-Dir - straight line, f/p - Menkaure
Aim: Menkaure (severely damaged, 100% to hit)
The magic dart hits Menkaure.
Menkaure is severely damaged.
Menkaure casts a spell at you. Pain shoots through your body!
Ouch! That really hurt!
You die...

...#..#.#..#.....##
#..#.#...#.#....##.
###..#).#.#..#..#.##.
#....#...?$..#.......
#.###.#..#.lW....#..#
#.
.........#########..#
#. #M............#
### #........†....#
#.#
##@#######..#####..
#.# #......... #.#
#.######.# #.# #.#
#.† #.# #.# ### #.#
#.# # #.# #.. ..# ###


You could see Menkaure.

Vanquished Creatures
  4 adders
  4 dart slugs
  5 bats
  3 endoplasms
  3 giant cockroaches (D:1)
  4 goblins
  5 hobgoblins
  3 quokkas
  5 ball pythons
  2 frilled lizards (D:3)
  5 kobolds
  5 rats
48 creatures vanquished.

Notes
Turn   | Place    | Note
-------+----------+-------------------------------------------
     0 | D:1      | hikkokomori the Deep Elf Conjurer began the quest for the
                  | Orb.
     0 | D:1      | Reached XP level 1. HP: 10/10 MP: 6/6
   172 | D:1      | Reached XP level 2. HP: 16/16 MP: 6/8
  1012 | D:1      | Reached XP level 3. HP: 20/20 MP: 8/10
  1208 | D:2      | Reached skill level 1 in Fighting
  1767 | D:2      | Reached XP level 4. HP: 25/25 MP: 9/11
  2201 | D:3      | Found Usheeniy's Antique Weapon Emporium.
  2337 | D:3      | Found a burning altar of Makhleb.
  2338 | D:3      | You fall into a shaft and drop 1 floor!
  2338 | D:4      | Found an opulent altar of Gozag.
  2385 | D:4      | Noticed Ryanme17's ghost (novice MiFi)
  2394 | D:4      | Reached skill level 5 in Conjurations
  2420 | D:4      | Noticed Menkaure
  2428 | D:4      | Killed from afar by Menkaure

Illustrated notes

Levels and vault maps discovered:
D:1:      elethiomel_arrival_shortcut, layout_basic, kennysheep_pointless_box
D:2:      layout_basic
D:3:      cheibrodos_old_hovel, layout_rooms, nzn_wu_jian_contemplation,
          mainiacjoe_overflow_concentric_impassable, serial_shops, shop,
          hellmonk_ecumenical_altar_arch_garden
D:4:      layout_loops_ring, okawaru_gym_becter, grunt_gozag_statues,
          gammafunk_ghost_split, minmay_manual_moon, uniq_menkaure, uniq_duvessa

Skill      XL: |  1  2  3  4 |
---------------+-------------+-----
Stealth        | 3 |  3.6
Fighting       | 1 |  1.4
Spellcasting   | 4 |  4.0
Conjurations   | 5 |  5.0
Dodging        | |  2.4

Action                     |  1- 3 |  4- 6 || total
---------------------------+-------+-------++-------
   Cast: Magic Dart        |    68 |    22 ||    90
 Armour: Robe              |     2 |     1 ||     3
  Dodge: Dodged            |     2 |       ||     2
